[Event "*** SCC Grand Prix: Titled Tuesday Blitz"]
[Site "Chess.com"]
[Date "2020.08.04"]
[Round "8"]
[White "Hangar-18"]
[Black "TST2014"]
[Result "1-0"]
[WhiteElo "2381"]
[BlackElo "2507"]
[TimeControl "180+1"]
[EndTime "15:18:30 PDT"]
[Termination "Hangar-18 won by checkmate"]

1. Nf3 c5 2. g3 Nc6 3. Bg2 e5 4.
d3 d5 5. O-O Bd6 6. c4 d4 7. e3 Nge7 8. exd4 exd4 9. Na3 O-O 10.
h3 h6 11. Nc2 a5 12. Rb1 Bf5 13. a3 Qd7 14. g4 Bh7 15. b4 cxb4 16. axb4 Bxb4 17. Ba3 Bxa3 18. Nxa3 Nb4 19. Qd2 Bxd3 20. Ne5 Qa4 21. Nxd3 Qxa3 22. Nxb4 axb4 23. Rxb4 Qc3 24. Qxc3 dxc3 25. Rxb7 Ng6 26. Rb3 Ra4 27. Rxc3 Rc8 28. c5 Nf4 29. Bb7 Rc7 30. Bf3 Nxh3+ 31. Kg2 Ng5 32. Bd5 Rxg4+ 33. Kh2 Rd4 34. Bg2 Ne6 35.
c6 Rd6 36. Rc4 Kf8 37. Kg3 Ke7 38. Re1 Rd3+ 39. Kh2 Kd6 40. f4 Rd4 41. Rxe6+ Kxe6 42. Rxd4 g5 43. Kg3 f5 44. Bd5+ Kd6 45. Bf3+ Ke6 46.
Kf2 g4 47. Bg2 h5 48. Kg3 Ra7 49. Kh4 Ra2 50. Bd5+ Kd6 51. Bxa2+ Kc5 52. c7 Kxd4 53. c8=Q Ke3 54. Qc1+ Kf2 55. Bd5 g3 56. Qd2+ Kf1 57.
Qg2+ Ke1 58. Kxg3 Kd1 59. Kf3 Kc1 60. Ke3 Kb1 61. Kd3 h4 62. Kc3 h3 63. Qb2# 1-0

[Event "*** SCC Grand Prix: Titled Tuesday Blitz"]
[Site "Chess.com"]
[Date "2020.08.04"]
[Round "8"]
[White "Goryachkina"]
[Black "goldenpuppy"]
[Result "1/2-1/2"]
[WhiteElo "2571"]
[BlackElo "2430"]
[TimeControl "180+1"]
[EndTime "15:18:32 PDT"]
[Termination "Game drawn by repetition"]

1. e4 c5 2. Nf3 a6 3. c3 d5 4. exd5 Qxd5 5. d4 g6 6. dxc5 Qxc5 7. Be3 Qc7 8. Nbd2 Nf6 9. Be2 Bg7 10. O-O O-O 11. a4 Nc6 12. Nc4 Be6 13. Bb6 Qd7 14. Nfe5 Nxe5 15. Nxe5 Qxd1 16. Rfxd1 Nd5 17. Bd4 Rfd8 18.
Bf3 Rac8 19. g3 b5 20. a5 Rd6 21. Ng4 h5 22. Ne3 Bh6 23. Kf1 Rcd8 24. Ke2 Nxe3 25.
Bxe3 Bc4+ 26. Ke1 Bxe3 27. fxe3 Bd5 28. Bxd5 Rxd5 29. Rd4 e6 30. Rad1 Rxd4 31. cxd4 Kf8 32. Kd2 Ke7 33. Rc1 Kd6 34. Kd3 f6 35. e4 g5 36. b4 Rh8 37. h3 f5 38. e5+ Kd7 39.
d5 exd5 40. Kd4 h4 41. g4 fxg4 42. hxg4 h3 43. Kxd5 h2 44. Rh1 Rh3 45. e6+ Ke7 46.
Ke5 Rh8 47. Kf5 Rh7 48. Ke5 Rh3 49. Kf5 Rh7 50. Ke5 Rh3 51. Kf5 Rh8 52. Ke5 Rh7 53.
Kf5 Rh8 54. Ke5 Ke8 55. Kf6 Kf8 56. e7+ Ke8 57. Kxg5 Kxe7 58. Kg6 Rg8+ 59. Kf5 Rf8+ 60. Kg6 Rf2 61. g5 Kf8 62. Kh6 Rg2 63. g6 Kg8 64. Re1 Rf2 65. Rh1 Rg2 66. Re1 Rf2 67. Rh1 Rg2 1/2-1/2

[Event "*** SCC Grand Prix: Titled Tuesday Blitz"]
[Site "Chess.com"]
[Date "2020.08.04"]
[Round "8"]
[White "Lion-Al-Messi"]
[Black "xberli"]
[Result "1-0"]
[WhiteElo "2482"]
[BlackElo "2328"]
[TimeControl "180+1"]
[EndTime "15:18:32 PDT"]
[Termination "Lion-Al-Messi won on time"]

1. e4 c5 2. Nf3 d6 3. d4 cxd4 4. Nxd4 Nf6 5. Nc3 a6 6. h3 e5 7.
Nde2 h5 8. Bg5 Be6 9. g3 Nbd7 10.
Bg2 Rc8 11. O-O Be7 12. Qd2 b5 13. a3 O-O 14. Rad1 Qb6 15. Be3 Qb7 16. f4 Nb6 17.
b3 Rfd8 18. f5 Bd7 19. Bg5 Bc6 20. Bxf6 Bxf6 21. g4 Qe7 22. Nd5 Bxd5 23. exd5 e4 24. Ng3 e3 25. Qe2 hxg4 26. hxg4 Bh4 27. Ne4 Qe5 28. Qxe3 Rxc2 29. Qxb6 Rxg2+ 30. Kxg2 Qxe4+ 31. Kh3 Qe5 32. Rf3 Bg5 33. Qd4 Qe2 34. Qd3 Qe5 35.
Kg2 Rc8 36. Rf2 Rc3 37. Qe2 Qg3+ 38. Kh1 Re3 39. Qf1 Qxg4 40. Rd3 Qe4+ 41. Qg2 Qxd3 42. Qxg5 Rh3+ 43. Kg2 Rh6 44. Rf3 Qe2+ 45. Rf2 Qe4+ 46. Kg3 Qxd5 47. Re2 Kh7 48. Re3 Qh1 49. Qg4 Rh2 50. Kf4 Qf1+ 51. Rf3 Qb1 52. Rh3+ Rxh3 53. Qxh3+ Kg8 54. f6 Qc1+ 55. Ke4 Qc2+ 56. Kd5 Qg6 57. Qc8+ 1-0

[Event "*** SCC Grand Prix: Titled Tuesday Blitz"]
[Site "Chess.com"]
[Date "2020.08.04"]
[Round "8"]
[White "Konavets"]
[Black "Beca95"]
[Result "0-1"]
[WhiteElo "3054"]
[BlackElo "2893"]
[TimeControl "180+1"]
[EndTime "15:18:33 PDT"]
[Termination "Beca95 won by checkmate"]

1. d4 Nf6 2. c4 c5 3. d5 e6 4. Nc3 exd5 5. cxd5 d6 6. Nf3 g6 7. Nd2 Bg7 8. e4 O-O 9. Be2 Na6 10. O-O Re8 11. f3 Nc7 12. a4 b6 13.
Nc4 Ba6 14. Bg5 h6 15. Bh4 Qd7 16. Qd2 Bxc4 17. Bxc4 a6 18. Bd3 b5 19. b3 Nh5 20.
Rac1 bxa4 21. bxa4 Rab8 22. Kh1 Rb4 23. f4 Reb8 24. Be1 Nf6 25. Qd1 Ng4 26. Qf3 Rb3 27.
h3 Nf6 28. Bc4 R3b4 29. Qd3 Nfe8 30. e5 dxe5 31. fxe5 Bxe5 32. Ne4 Nd6 33. Nxc5 Qe7 34. Bxb4 Rxb4 35. Ne4 Nce8 36. Nxd6 Nxd6 37. Bxa6 Ne4 38. Rf3 Qd6 39. Bc4 f5 40. a5 Ra4 41. a6 h5 42. Bb3 Ra3 43. Qc4 Kg7 44. Qb5 Kh6 45. Bc2 Ng3+ 46. Rxg3 Bxg3 47. Qb2 Be5 48. Qb7 Bd4 49.
Qc6 Qf4 50. Rg1 Rxh3+ 51. gxh3 Qf3+ 52. Rg2 Qxh3+ 53. Rh2 Qf1# 0-1

[Event "*** SCC Grand Prix: Titled Tuesday Blitz"]
[Site "Chess.com"]
[Date "2020.08.04"]
[Round "8"]
[White "g2_g3"]
[Black "gisela_roque"]
[Result "1-0"]
[WhiteElo "2035"]
[BlackElo "1845"]
[TimeControl "180+1"]
[EndTime "15:18:34 PDT"]
[Termination "g2_g3 won on time"]

1. d4 e6 2. Nf3 Nf6 3. e3 Be7 4. Bd3 O-O 5. Nbd2 b6 6. O-O Bb7 7. Re1 c5 8. c3 d6 9. e4 Nbd7 10. Nf1 a6 11. Ng3 Qc7 12. e5 Bxf3 13. Qxf3 dxe5 14. Nh5 exd4 15. cxd4 Nxh5 16. Qxh5 Nf6 17. Qh4 Rad8 18. Bg5 Rxd4 19. Qh3 Qd7 20. Rad1 Rd8 21. Bxf6 Rxd3 22. Rxd3 Qxd3 23. Qxd3 Rxd3 24. Bxe7 Rd2 25. Rb1 f6 26. b4 Kf7 27. bxc5 Kxe7 28. cxb6 Rd8 29. b7 Rb8 30. Rb6 e5 31. Kf1 Kd7 32. Ke2 Kc7 33. Rxa6 Rxb7 34. Ra3 Kd6 35. Ke3 Ke6 36.
Rd3 f5 37. a4 g5 38. Ra3 g4 39. a5 f4+ 40. Ke4 Rb4+ 41. Kd3 e4+ 42. Kc3 Rb8 43. a6 Ra8 44. Kd4 e3 45. fxe3 f3 46. gxf3 gxf3 47.
Kd3 f2 48. Ke2 Rf8 49. Kf1 Kd6 50. a7 Ra8 51. Kxf2 Ke5 52. Ke2 Ke4 53. Ra6 Ke5 54.
h3 Ke4 55. Kd2 Ke5 56. Kc3 Ke4 57. Kc4 Kxe3 58. Kb5 1-0

[Event "*** SCC Grand Prix: Titled Tuesday Blitz"]
[Site "Chess.com"]
[Date "2020.08.04"]
[Round "8"]
[White "DryCounty"]
[Black "rynos0411"]
[Result "0-1"]
[WhiteElo "2579"]
[BlackElo "2382"]
[TimeControl "180+1"]
[EndTime "15:18:47 PDT"]
[Termination "rynos0411 won by resignation"]

1. e4 e5 2. Nf3 Nc6 3. Bb5 Nf6 4. d3 Bc5 5. Nbd2 O-O 6. O-O d6 7. c3 Bb6 8. Nc4 Ne7 9. Nxb6 axb6 10. Re1 Ng6 11.
d4 c6 12. Bd3 Re8 13. Qc2 b5 14. Bd2 Bg4 15. Ng5 h6 16. h3 Bh5 17. g4 hxg5 18.
Bxg5 Qc8 19. f3 Nf4 20. Bxf4 exf4 21. Qh2 Bg6 22. Qxf4 d5 23. a3 Qb8 24. Qxb8 Raxb8 25. Bc2 dxe4 26. f4 Re7 27. f5 Bh7 28. Kf2 Rbe8 29. Kg3 g6 30. g5 Nh5+ 31. Kg4 e3 32. f6 Re6 33. Kf3 b6 34. Bb3 Rd6 35. Rxe3 Rxe3+ 36. Kxe3 Nxf6 37. gxf6 Rxf6 38. a4 bxa4 39. Rxa4 Kg7 40.
Ra6 c5 41. d5 g5 42. Bd1 Rh6 43. Bg4 f5 44. Ra7+ Kf6 45. Be2 Rxh3+ 46. Kd2 Ke5 47. c4 Bg6 48. Re7+ Kd4 49. Re6 Bh5 50. Bxh5 Rxh5 51.
d6 Rh8 52. d7 Rd8 53. Rd6+ Kxc4 54. Ke3 Kb5 55. Rd5 Kc6 56. Rxf5 Rxd7 57. Rxg5 Rd4 58.
Rg6+ Kb5 59. Rg8 Kc4 60. Rb8 b5 61. Rb7 b4 62. Rb8 Rd5 63. Ke4 Rh5 64. Ke3 Kb3 65. Kd2 Kxb2 66. Re8 c4 67. Ke3 c3 68. Rc8 c2 69.
Kd2 Rd5+ 0-1

[Event "*** SCC Grand Prix: Titled Tuesday Blitz"]
[Site "Chess.com"]
[Date "2020.08.04"]
[Round "8"]
[White "mortngabriel"]
[Black "Fortitudine"]
[Result "1-0"]
[WhiteElo "2419"]
[BlackElo "2258"]
[TimeControl "180+1"]
[EndTime "15:18:50 PDT"]
[Termination "mortngabriel won by resignation"]

1. e4 c5 2. Nc3 d6 3. f4 g6 4. Nf3 Bg7 5. Bc4 Nf6 6. O-O O-O 7. d3 Nbd7 8. Qe1 e6 9. a3 a6 10. Qh4 Nh5 11. Qh3 Nb6 12. Ba2 d5 13. g4 dxe4 14.
dxe4 Nf6 15. e5 Nfd5 16. Ne4 f5 17. exf6 Nxf6 18. Neg5 c4 19. Ne5 Qc7 20. Be3 Nbd5 21. Bd4 b5 22. Rae1 a5 23. a4 Nb4 24. Bb1 bxa4 25.
c3 Nd3 26. Nxd3 cxd3 27. Bxd3 Ba6 28. Nxe6 Qf7 29. Nxf8 Bxf8 30. Bxa6 Rxa6 31. Qd3 Re6 32. h3 Nd5 33. Qf3 Ne7 34. Rxe6 Qxe6 35. Qe3 Qxe3+ 36.
Bxe3 Nd5 37. Bd4 a3 38. bxa3 Bxa3 39. Ra1 Bb2 40. Rxa5 Nxf4 41. Ra8+ Kf7 42. Ra7+ Ke6 43. Kh2 h5 44. Ra6+ Kd5 45. Kg3 Ne2+ 46. Kf3 Nxd4+ 47. cxd4 hxg4+ 48. Kxg4 Bxd4 49. Rxg6 Ke5 50. h4 Be3 51. h5 Bd2 52. h6 Kd5 53. h7 Bc3 54. Kh5 Ke5 55.
Kh6 Kf5 56. Rg7 Kf6 57. h8=Q Bd2+ 58. Rg5+ Kf7 59. Qg7+ 1-0

[Event "*** SCC Grand Prix: Titled Tuesday Blitz"]
[Site "Chess.com"]
[Date "2020.08.04"]
[Round "8"]
[White "AvitalBor"]
[Black "vladislavkovalev"]
[Result "1-0"]
[WhiteElo "2775"]
[BlackElo "2874"]
[TimeControl "180+1"]
[EndTime "15:18:53 PDT"]
[Termination "AvitalBor won by checkmate"]

1. e4 e5 2. Nf3 Nc6 3. Bb5 a6 4. Ba4 Nf6 5. d3 d6 6. h3 g6 7. O-O Bg7 8. c3 O-O 9. Re1 b5 10. Bc2 h6 11. Nbd2 Bb7 12. Nf1 Re8 13. N3h2 d5 14.
Qf3 Qd6 15. Ng3 Rad8 16. Ng4 Nxg4 17. hxg4 Bc8 18. Bb3 Be6 19. exd5 Bxd5 20. Ne4 Qe6 21. Bxd5 Rxd5 22. Bxh6 f5 23. gxf5 gxf5 24. Ng5 Qd7 25. Bxg7 Kxg7 26. Rad1 f4 27. Qe4 Rh8 28. d4 Rh5 29.
Nf3 Rd6 30. d5 Rdh6 31. Kf1 Ne7 32. Nxe5 Qd6 33. Ng4 Rh1+ 34. Ke2 Rxe1+ 35. Rxe1 Rg6 36. Ne5 Rg5 37. Nf3 Rxd5 38. Kf1 Kf6 39. Nd4 c5 40. Nf3 Ng6 41. Qe8 Rd1 42. Kg1 Rxe1+ 43. Qxe1 Qd5 44. a3 Kf7 45. Qe2 Ne7 46. Qc2 Ng6 47. a4 Kg7 48. axb5 axb5 49. Qe2 b4 50. cxb4 cxb4 51. Qc2 Kh6 52.
Qc7 Qb3 53. Nd4 Qd1+ 54. Kh2 Qxd4 55. Qb8 Qxb2 56. f3 Qd4 57. Qd8 b3 58. Qxd4 Kg5 59.
Qb2 Ne5 60. Qxb3 Kh4 61. Qd5 Ng6 62. Kg1 Ne5 63. Qd8+ Kg3 64. Qg5+ Ng4 65. Qxg4# 1-0

[Event "*** SCC Grand Prix: Titled Tuesday Blitz"]
[Site "Chess.com"]
[Date "2020.08.04"]
[Round "8"]
[White "KaterynaLagno"]
[Black "GM_LOADING"]
[Result "0-1"]
[WhiteElo "2719"]
[BlackElo "2629"]
[TimeControl "180+1"]
[EndTime "15:19:01 PDT"]
[Termination "GM_LOADING won by resignation"]

1. e4 Nf6 2. e5 Nd5 3. d4 d6 4. Nf3 dxe5 5. Nxe5 c6 6. Bd3 Nd7 7. Nf3 N7f6 8. O-O Bg4 9. a3 e6 10. h3 Bh5 11. c4 Nc7 12. Be3 Bd6 13. Nc3 O-O 14.
Qe2 Re8 15. Rfd1 a6 16. b4 b5 17. Rac1 bxc4 18. Bxc4 a5 19. bxa5 Bxa3 20. Ra1 Rxa5 21.
g4 Bg6 22. Ne5 Qa8 23. Qf3 Ncd5 24. Nxg6 Nxc3 25. Rd3 hxg6 26. Rxc3 Nd5 27. Bxd5 cxd5 28. Rc7 Re7 29. Rc2 Rea7 30. Bd2 Ra4 31. Rca2 Bd6 32. Rxa4 Rxa4 33. Rxa4 Qxa4 34. Be3 Bc7 35. Kg2 Qc2 36. h4 Qe4 37. Qxe4 dxe4 38. Kf1 Kf8 39. Ke2 Ke7 40. f3 exf3+ 41. Kxf3 Kd6 42. Ke4 f5+ 43. Kd3 Kd5 44. gxf5 gxf5 45. h5 Bd8 46. Bf2 Bf6 47. Bg1 Bh4 48.
Be3 Bg3 49. Bg1 f4 50. Ke2 Ke4 51. Kf1 f3 52. Bf2 Bxf2 53. Kxf2 Kxd4 54. Kxf3 e5 55.
Kg4 e4 56. Kg5 e3 57. Kg6 e2 58. Kxg7 e1=Q 59. h6 Qe7+ 60. Kg8 Qe6+ 61. Kg7 Qg4+ 62. Kf8 Qf4+ 63. Kg7 Qg5+ 64. Kh7 Ke5 0-1

[Event "*** SCC Grand Prix: Titled Tuesday Blitz"]
[Site "Chess.com"]
[Date "2020.08.04"]
[Round "8"]
[White "ace_mar"]
[Black "Artem_Sadovsky"]
[Result "0-1"]
[WhiteElo "2456"]
[BlackElo "2405"]
[TimeControl "180+1"]
[EndTime "15:19:05 PDT"]
[Termination "Artem_Sadovsky won by resignation"]

1. d4 g6 2. e4 Bg7 3. Nc3 d6 4. f4 a6 5. Nf3 b5 6. Bd3 Bb7 7. e5 Nh6 8. Be4 Bxe4 9. Nxe4 O-O 10. O-O Qc8 11. c3 Qb7 12. Qe2 Nc6 13. Rd1 Rad8 14. a4 e6 15. axb5 axb5 16. Be3 Nxe5 17. fxe5 Qxe4 18.
Qd2 Nf5 19. Bg5 Ra8 20. Bf6 Bh6 21. Bg5 Bxg5 22. Qxg5 Qe3+ 23. Qxe3 Nxe3 24. Re1 Nc2 25. Rxa8 Rxa8 26. Rc1 Ra1 27. Rxa1 Nxa1 28. Kf2 Nb3 29.
Ke2 Kg7 30. Kd3 Na5 31. Nd2 dxe5 32. dxe5 Nc6 33. Ke4 f5+ 34. exf6+ Kxf6 35. Nf3 h6 36. g3 b4 37. Nd2 bxc3 38. bxc3 Ne5 39. h3 Nf7 40.
Nb3 Ng5+ 41. Ke3 Nxh3 42. Nd4 Ke7 43. Nb5 Kd7 44. Nd4 Ng5 45. Ne2 Nf7 46. Nf4 g5 47.
Nd3 Kd6 48. Nf2 Kd5 49. Ng4 Kc4 50. Kd2 h5 51. Nf6 h4 52. gxh4 gxh4 53. Ng4 h3 54. Ne3+ Kc5 55. Ng4 Nd6 56. Kd3 Nf5 57.
Nh2 Nh4 58. Ke4 Kc4 59. Kf4 Kxc3 60. Kg4 Nf5 61. Kxh3 c5 62. Kg4 c4 63. Kf4 Kd3 64.
Nf3 c3 65. Ke5 Nh4 66. Ne1+ Kd2 67. Kd4 Kxe1 68. Kxc3 Ng6 69. Kd4 Nf8 70. Ke5 Ke2 71. Kf6 Ke3 72. Kf7 Kf4 73. Kxf8 e5 74. Ke7 e4 0-1

[Event "*** SCC Grand Prix: Titled Tuesday Blitz"]
[Site "Chess.com"]
[Date "2020.08.04"]
[Round "8"]
[White "davidkalashian"]
[Black "Filip_Covic"]
[Result "1-0"]
[WhiteElo "2561"]
[BlackElo "2363"]
[TimeControl "180+1"]
[EndTime "15:19:07 PDT"]
[Termination "davidkalashian won by resignation"]

1. d4 Nf6 2. c4 g6 3. Nc3 d5 4. Bf4 Bg7 5. e3 dxc4 6. Bxc4 O-O 7. Nf3 c5 8. dxc5 Qa5 9. Rc1 Ne4 10. O-O Nxc3 11. bxc3 Qxc5 12. Bb3 Nc6 13. Qe2 Bg4 14. h3 Bf5 15. Nd4 e5 16. Nxc6 Qxc6 17. Bg3 Rfd8 18. Rfd1 Bf6 19. Qc4 Qxc4 20. Bxc4 Rac8 21. Bd5 b5 22. e4 Be6 23. Bxe6 fxe6 24. Rxd8+ Rxd8 25. c4 Rc8 26. c5 Rc6 27. f3 Bg5 28.
Rc3 Bd2 29. Rd3 Bb4 30. Bxe5 Bxc5+ 31. Kh2 Be7 32. Rd7 Kf7 33. Rxa7 b4 34. Bg3 Ke8 35. h4 Rc2 36. Kh3 h5 37. Ra6 Kf7 38. Ra7 Ke8 39. Be5 Rc1 40. g3 Rc2 41. g4 Rc1 42. g5 Rh1+ 43. Kg3 Rg1+ 44. Kh2 Rb1 45.
Ra8+ Kd7 46. Ra7+ Ke8 47. Kg2 Bc5 48. Ra6 Rg1+ 49. Kh2 Kd7 50. Ra5 Bb6 51. Rb5 Bf2 52.
Rxb4 Re1 53. Bg3 Bxg3+ 54. Kxg3 Rg1+ 55. Kh2 Ra1 56. Ra4 Kd6 57. Kg2 Ke5 58. Ra6 Kf4 59. Rxe6 Rxa2+ 60. Kh3 Kxf3 61. Rxg6 Kxe4 62. Rf6 Ra3+ 63.
Kg2 Ra2+ 64. Kg3 Ra3+ 65. Kg2 Ra2+ 66. Rf2 Ra3 67. Kh2 Ra6 68. Kg3 Rg6 69. Rf6 Rxf6 70. gxf6 1-0

[Event "*** SCC Grand Prix: Titled Tuesday Blitz"]
[Site "Chess.com"]
[Date "2020.08.04"]
[Round "8"]
[White "Caterpiller35"]
[Black "GoltsevDmitry2000"]
[Result "1/2-1/2"]
[WhiteElo "2380"]
[BlackElo "2601"]
[TimeControl "180+1"]
[EndTime "15:19:15 PDT"]
[Termination "Game drawn - insufficient material"]

1. d4 d5 2. Bf4 c6 3. e3 Nd7 4.
c4 Ngf6 5. Nc3 e6 6. Nf3 Be7 7. Qc2 Nh5 8. Bg3 Nxg3 9. hxg3 h6 10. O-O-O a6 11. e4 dxe4 12. Nxe4 Nf6 13. Bd3 Bd7 14.
Ne5 Qc7 15. g4 Nxe4 16. Bxe4 Bf6 17. f4 Rc8 18. g5 Be7 19. Bg6 Rf8 20. Bxf7+ Kd8 21.
gxh6 gxh6 22. Rxh6 Qd6 23. d5 cxd5 24. Rxd5 Qxd5 25. cxd5 Rxc2+ 26. Kxc2 exd5 27. g3 Bf5+ 28. Kc3 Be4 29. Kd4 Kc7 30. Bxd5 Bf5 31. g4 Bxg4 32. Rh7 Kd6 33. Rxe7 Rxf4+ 34. Ke3 Ra4 35. Bb3 Rb4 36. Re8 Bf5 37. Nd3 Rh4 38. Nf4 Rh2 39.
Rf8 Bd7 40. Rf6+ Ke5 41. Rf7 Bc6 42. Nd3+ Kd6 43. Rf2 Rh3+ 44. Kd2 Bb5 45. Rf6+ Ke7 46. Re6+ Kd7 47. Ne5+ Kc7 48. Ng6 Rh2+ 49. Ke3 Rxb2 50. Nf4 a5 51. Re7+ Kc8 52. Be6+ Kb8 53. Bd5 Ba6 54.
Kd4 Ka7 55. Ne6 a4 56. Nc5 a3 57. Nxa6 Kxa6 58. Re8 b6 59. Ra8+ Kb5 60. Rxa3 Rd2+ 61. Rd3 Rh2 62. Rb3+ Ka5 63. Re3 b5 64. Bc6 b4 65.
Kc5 Rc2+ 66. Kd6 Rxa2 67. Bd5 Rd2 68. Re8 Kb5 69. Ra8 b3 70. Rb8+ Ka4 71. Rxb3 Rxd5+ 72. Kxd5 Kxb3 1/2-1/2

[Event "*** SCC Grand Prix: Titled Tuesday Blitz"]
[Site "Chess.com"]
[Date "2020.08.04"]
[Round "8"]
[White "Shield12"]
[Black "Bulldog167"]
[Result "1-0"]
[WhiteElo "2844"]
[BlackElo "2727"]
[TimeControl "180+1"]
[EndTime "15:19:18 PDT"]
[Termination "Shield12 won on time"]

1. e4 e6 2. d4 d5 3. Nd2 c5 4. Ngf3 cxd4 5. exd5 Qxd5 6. Bc4 Qd7 7.
O-O Nc6 8. Nb3 a6 9. Nbxd4 Nxd4 10. Nxd4 Qc7 11. Bb3 Bd6 12. Re1 Ne7 13. Qh5 O-O 14. c3 Ng6 15. Be3 Bd7 16. Rad1 Rad8 17. Bg5 Be7 18.
Bxe7 Nxe7 19. Rd3 Ng6 20. Rh3 h6 21. Rg3 Kh8 22. Bc2 Nf4 23. Qg4 Rg8 24. Qh4 e5 25.
Nf3 Rde8 26. Ng5 Be6 27. Ne4 Qd8 28. Qxd8 Rxd8 29. Rge3 f6 30. g3 Nh3+ 31. Kg2 Ng5 32. h4 Nxe4 33. Bxe4 Bxa2 34. Bxb7 Rb8 35. Bxa6 Rxb2 36.
R3e2 Bd5+ 37. Kh2 Rb6 38. Bd3 Rc8 39. Rc1 Rbc6 40. Rec2 Bb3 41. Rd2 Rxc3 42. Rxc3 Rxc3 43. Bf5 Kg8 44. Rd8+ Kf7 45. Rd7+ Kf8 46. Rd8+ Ke7 47. Rd7+ Ke8 48. Rxg7 Rf3 49. Bg6+ Kf8 50. Rh7 Rxf2+ 51. Kg1 Rd2 52. Bf5 Bd5 53. g4 e4 54. Rxh6 e3 55.
Kf1 Bc4+ 56. Ke1 Rh2 57. Be4 Ra2 58. Rxf6+ Ke7 59. Rb6 Rh2 60. Rc6 Re2+ 61. Kd1 Rd2+ 62. Kc1 Be6 63. Rc3 Re2 64. Bf3 Re1+ 65. Kc2 Rf1 66. Rxe3 Rf2+ 67. Kd3 Kf6 68. Ke4 Ra2 69. Kf4 Ra4+ 70. Kg3 Ra1 71. g5+ Kf5 72. Bg4+ Kg6 73. Rxe6+ Kf7 74. Rf6+ 1-0

[Event "*** SCC Grand Prix: Titled Tuesday Blitz"]
[Site "Chess.com"]
[Date "2020.08.04"]
[Round "8"]
[White "ChessWarrior7197"]
[Black "kuban1991"]
[Result "0-1"]
[WhiteElo "2877"]
[BlackElo "2783"]
[TimeControl "180+1"]
[EndTime "15:19:27 PDT"]
[Termination "kuban1991 won by resignation"]

1. e4 e6 2. d4 d5 3. Bd3 c5 4.
exd5 exd5 5. Nf3 c4 6. Be2 Nc6 7. O-O Bd6 8. b3 cxb3 9. axb3 Nge7 10. Ba3 O-O 11. c4 Bxa3 12. Nxa3 Bg4 13. Nc2 Re8 14. Ne3 Bxf3 15. Bxf3 dxc4 16. bxc4 Nxd4 17. Bxb7 Rb8 18. Be4 Qb6 19. Qh5 g6 20. Qg5 Ne6 21. Qg3 a5 22. Bd5 Nd4 23. Qg5 Kg7 24. Ng4 Nef5 25. c5 Qd8 26. Qxd8 Rexd8 27. Be4 Rb5 28. c6 Rc8 29. f4 Rc5 30. Ne5 Nd6 31. Bf3 f6 32.
Nd7 Nxf3+ 33. Rxf3 R5xc6 34. Rfa3 R8c7 35. Nb8 Rb6 36. Rd3 Rcb7 37. Rad1 Rxb8 38. Rxd6 Rxd6 39. Rxd6 Ra8 40. Rd7+ Kg8 41. Kf2 a4 42. Ke3 a3 43.
Rd1 a2 44. Ra1 Kf7 45. f5 gxf5 46. Kd4 Kg6 47. Kc3 Kg5 48. Kd3 h5 49. Ke3 Kg4 50.
Kf2 h4 51. Ke2 Kf4 52. Kf2 Ke4 53. Ke2 f4 54. Kd2 f3 55. g3 hxg3 56. hxg3 Kf5 57. Ke3 Kg4 58. Kf2 Ra3 59. Kf1 Kxg3 60. Kg1 Kf4 61. Kf2 f5 62. Rc1 a1=Q 63. Rc4+ Ke5 64.
Rc5+ Kd6 65. Rc2 Ra2 66. Kxf3 Rxc2 0-1

[Event "*** SCC Grand Prix: Titled Tuesday Blitz"]
[Site "Chess.com"]
[Date "2020.08.04"]
[Round "8"]
[White "ArjunErigaisi2003"]
[Black "SantoBlue"]
[Result "1-0"]
[WhiteElo "3053"]
[BlackElo "2921"]
[TimeControl "180+1"]
[EndTime "15:19:28 PDT"]
[Termination "ArjunErigaisi2003 won by resignation"]

1. e4 d6 2. d4 Nf6 3. Nc3 e5 4. Nf3 Nbd7 5. Bc4 Be7 6. O-O O-O 7. Re1 c6 8. a4 h6 9. h3 Re8 10. Be3 exd4 11. Nxd4 Bf8 12. Bf4 Nc5 13. Qf3 Ncxe4 14. Nxe4 Rxe4 15. Rxe4 Nxe4 16. Qxe4 d5 17. Bxd5 cxd5 18.
Qe3 Bd7 19. a5 Qf6 20. Be5 Qg6 21. Qb3 Re8 22. Qxb7 Bxh3 23. Bg3 Qe4 24. Nf3 Bc8 25. Qxa7 Qxc2 26. Qd4 Bc5 27. Qc3 Qxc3 28. bxc3 Ba6 29. Be5 f6 30. Bd4 Bd6 31. Rb1 Bc7 32. Bb6 Bf4 33.
g3 Bd6 34. Re1 Rc8 35. Re6 Bf8 36. Bd4 Ra8 37. Nd2 Kf7 38. Rc6 Be2 39. Bb6 Bb5 40. Rc7+ Kg8 41. Nb3 Re8 42. Nd4 Re1+ 43. Kh2 Ba6 44.
Bc5 Bxc5 45. Rxc5 Ra1 46. Rxd5 Ra2 47. Kg1 Bb7 48. Rd8+ Kh7 49. f3 Rxa5 50. Rd7 Bc8 51. Rc7 Bf5 52. g4 Bd3 53. Ne6 Ra1+ 54. Kf2 Ra2+ 55.
Kg3 Bf1 56. Rxg7+ Kh8 57. Rg6 Kh7 58. Rxf6 Rg2+ 59. Kf4 Rc2 60. Rf7+ Kg6 61. Rc7 Kf6 62. Nd4 Ra2 63. Rc6+ Kf7 64. Nf5 Ra4+ 65. Kg3 h5 66. gxh5 Bd3 67. Nd4 Ra1 68. Kf4 Rh1 69. h6 Rh4+ 70.
Kg5 Rh1 71. Rc7+ Kf8 72. f4 Bb1 73. f5 Ke8 74. h7 Kd8 75. Ne6+ Ke8 76. h8=Q+ Rxh8 77.
Rc8+ Kf7 78. Rxh8 Bxf5 79. Kxf5 1-0

[Event "*** SCC Grand Prix: Titled Tuesday Blitz"]
[Site "Chess.com"]
[Date "2020.08.04"]
[Round "8"]
[White "Char_dasha"]
[Black "DanielRensch"]
[Result "1-0"]
[WhiteElo "2442"]
[BlackElo "2549"]
[TimeControl "180+1"]
[EndTime "15:19:40 PDT"]
[Termination "Char_dasha won by checkmate"]

1. e4 c5 2. Nf3 d6 3. d4 cxd4 4. Nxd4 Nf6 5. Nc3 a6 6. Rg1 Nc6 7. Be3 g6 8. f3 Bg7 9. Qd2 h5 10. O-O-O Nxd4 11. Bxd4 Be6 12. Kb1 Rc8 13. Nd5 Bxd5 14.
exd5 h4 15. g4 hxg3 16. hxg3 Kf8 17. f4 Qc7 18. Bg2 Rh2 19. c3 Qc4 20. Qe1 Ne8 21. Rd2 Rh8 22. Qe3 b5 23. Re1 Qc7 24. Bb6 Qd7 25.
Rde2 Bf6 26. Bd4 Rc7 27. Bxf6 Nxf6 28. Qb6 Kg7 29. a3 Rh2 30. Qg1 Rh5 31. Bf3 Qf5+ 32. Ka1 Rh3 33. Qg2 Rh8 34. Rf2 Qd3 35. Rd2 Qf5 36.
Bd1 Re8 37. Bc2 Qc8 38. f5 a5 39. fxg6 fxg6 40. Rde2 b4 41. cxb4 axb4 42. a4 Qb7 43.
Bb3 Rec8 44. Qf1 Qb6 45. g4 Qd4 46. g5 Ng8 47. Rf2 Qg4 48. Rf7+ Kh8 49. Qh1+ Qh5 50. Qxh5+ gxh5 51. g6 Rc1+ 52. Ka2 Nf6 53. Rexe7 Rf1 54. g7+ Kg8 55. Rc7 Rxc7 56. Rxc7 h4 57. a5 h3 58. a6 h2 59. a7 h1=Q 60. a8=Q+ Kh7 61. Qh8+ Kg6 62.
g8=Q+ Nxg8 63. Qxg8+ Kf5 64. Rf7+ Ke5 65. Qe8+ Kd4 66.
Rxf1 Qxf1 67. Qh8+ Kc5 68. Qc8+ Kd4 69. Qc2 Ke5 70.
Qd2 Qa6+ 71. Kb1 Qf1+ 72. Bd1 Qb5 73. Qe2+ Qxe2 74. Bxe2 Kxd5 75. Kc2 Kc5 76. Kd3 d5 77. b3 Kd6 78. Bf3 Kc5 79. Bg2 d4 80. Be4 Kb5 81.
Kxd4 Ka5 82. Kc5 Ka6 83. Kxb4 Kb6 84. Kc4 Ka5 85. b4+ Ka6 86. b5+ Kb6 87. Kb4 Kc7 88. Kc5 Kb8 89. b6 Kc8 90. Kc6 Kb8 91. b7 Ka7 92. Kc7 Ka6 93. b8=Q Ka5 94. Bd5 Ka4 95. Qb2 Ka5 96. Qb6+ Ka4 97. Bc4 Ka3 98. Qb3# 1-0

[Event "*** SCC Grand Prix: Titled Tuesday Blitz"]
[Site "Chess.com"]
[Date "2020.08.04"]
[Round "9"]
[White "shnitez"]
[Black "Bastiandash"]
[Result "1-0"]
[WhiteElo "2478"]
[BlackElo "2323"]
[TimeControl "180+1"]
[EndTime "15:20:55 PDT"]
[Termination "shnitez won by resignation"]

1. c4 Nf6 2. Nc3 e6 3. e4 d5 4. e5 d4 5. exf6 dxc3 6. bxc3 Qxf6 7. d4 Bd6 8. Nf3 h6 9. Bd3 O-O 10. O-O Nd7 11. Re1 b6 12. Be4 Rb8 13. Qa4 Bb7 14.
Bxb7 Rxb7 15. Qxd7 1-0

[Event "*** SCC Grand Prix: Titled Tuesday Blitz"]
[Site "Chess.com"]
[Date "2020.08.04"]
[Round "9"]
[White "VerdeNotte"]
[Black "Isajevsky_Anton"]
[Result "1-0"]
[WhiteElo "2850"]
[BlackElo "2587"]
[TimeControl "180+1"]
[EndTime "15:22:42 PDT"]
[Termination "VerdeNotte won by resignation"]

1. e4 c5 2. Nc3 d6 3. f4 Nf6 4.
Nf3 e6 5. Bb5+ Bd7 6. Bxd7+ Qxd7 7. O-O Nc6 8. d3 Be7 9. Qe1 O-O 10. Kh1 Nd4 11.
Qf2 Nxf3 12. Qxf3 Qc6 13. Bd2 g6 14. Rae1 Rad8 15. f5 exf5 16. exf5 Qxf3 17. Rxf3 Rd7 18. Bg5 Kg7 19. Rxe7 Rxe7 20. Bxf6+ Kxf6 21. Nd5+ 1-0

[Event "*** SCC Grand Prix: Titled Tuesday Blitz"]
[Site "Chess.com"]
[Date "2020.08.04"]
[Round "9"]
[White "GianmarcoVaR"]
[Black "Caterpiller35"]
[Result "1-0"]
[WhiteElo "2453"]
[BlackElo "2373"]
[TimeControl "180+1"]
[EndTime "15:22:57 PDT"]
[Termination "GianmarcoVaR won by resignation"]

1. d4 Nf6 2. c4 e6 3. Nf3 Bb4+ 4.
Nbd2 O-O 5. a3 Be7 6. e4 d5 7. e5 Nfd7 8. Bd3 c5 9. cxd5 exd5 10. h4 g6 11. h5 Nc6 12. e6 fxe6 13. hxg6 Nf6 14. gxh7+ Kh8 15. Ne5 Nxe5 16. dxe5 Nd7 17. Qh5 Qe8 18. Bg6 Qd8 19. Nf3 Qc7 20. Bh6 Rxf3 21.
Bg7+ 1-0

[Event "*** SCC Grand Prix: Titled Tuesday Blitz"]
[Site "Chess.com"]
[Date "2020.08.04"]
[Round "9"]
[White "GM_LOADING"]
[Black "KuzubovYuriy"]
[Result "0-1"]
[WhiteElo "2625"]
[BlackElo "2833"]
[TimeControl "180+1"]
[EndTime "15:22:59 PDT"]
[Termination "KuzubovYuriy won by resignation"]

1. d4 Nf6 2. Nf3 e6 3. Bg5 h6 4. Bxf6 Qxf6 5. Nbd2 c6 6. e3 d6 7. Be2 Nd7 8. O-O g6 9. a4 a5 10. Nc4 Qe7 11. Qd2 Bg7 12. Nxa5 e5 13. dxe5 dxe5 14. Nc4 e4 15. Nd4 h5 16. a5 h4 17. Rfd1 h3 18.
g3 O-O 19. Bf1 Ne5 20. Nb6 c5 21. Nb5 Nf3+ 0-1